 Dungeon Crawl Stone Soup version 0.26.1-11-gd32895ea62 (webtiles) character file.

Game seed: 1303910499573684520

59 eagelman13508 the Cudgeller (level 3, -7/54 HPs)
             Began as a Troll Berserker on June 13, 2021.
             Was a Believer of Trog.
             Mangled by a scorpion (8 damage)
             ... on level 1 of the Dungeon.
             The game lasted 00:03:46 (779 turns).

eagelman13508 the Cudgeller (Troll Berserker)        Turns: 779, Time: 00:03:47

Health: -7/54      AC:  6    Str: 26    XL:     3   Next: 78%
Magic:  2/2        EV: 10    Int:  3    God:    Trog [**....]
Gold:   47         SH:  0    Dex:  9    Spells: 2/2 levels left

rFire    . . .     SeeInvis .   a - +0 mace
rCold    . . .     Faith    .   (no shield)
rNeg     . . .     Spirit   .   b - +0 animal skin
rPois    .         Reflect  .   (helmet restricted)
rElec    .         Harm     .   (no cloak)
rCorr    .         Rampage  .   (gloves unavailable)
Will     .....                  (boots unavailable)
Stlth    ..........             (no amulet)
HPRegen  0.58/turn              (no ring)
MPRegen  0.08/turn              (no ring)

@: berserking (expiring), lethally poisoned (-7 -> -8), slowed
A: large, unfitting armour, claws 3, regeneration 1, shaggy fur 1, tough skin 3
a: Renounce Religion, Berserk, Trog's Hand


You were on level 1 of the Dungeon.
You worshipped Trog.
Trog was pleased with you.
You visited 1 branch of the dungeon, and saw 2 of its levels.

You collected 47 gold pieces.

Inventory:

Hand Weapons
 a - a +0 mace (weapon)
Missiles
 i - 20 stones
Armour
 b - a +0 animal skin (worn)
Scrolls
 c - a scroll of enchant armour {unknown}
 e - a scroll of random uselessness {unknown}
 f - a scroll of remove curse {unknown}
 h - a scroll of identify {unknown}
 j - a scroll of fear {unknown}
Potions
 d - a potion of haste {unknown}
 k - a potion of mutation {unknown}


   Skills:
 - Level 2.4 Fighting
 + Level 4.3 Maces & Flails
 - Level 2.4 Dodging


You had 2 spell levels left.
You didn't know any spells.
Your spell library was empty.

Dungeon Overview and Level Annotations

Branches:
Dungeon (2/15)

Altars:
Ashenzari


Innate Abilities, Weirdness & Mutations

You are too large for most types of armour.
You have claws for hands.
Your natural rate of healing is unusually fast.
You are covered in fur. (AC +1)
You have extremely tough skin. (AC +3)


Message History

Trog appreciates your killing of a magic user.
The scorpion barely misses you.
Your Maces & Flails skill increases to level 4!
You hit the scorpion.
The scorpion is heavily wounded.
The scorpion closely misses you.
You closely miss the scorpion.
The scorpion is heavily wounded.
The scorpion barely misses you.
You barely miss the scorpion.
The scorpion is heavily wounded.
The scorpion stings you.
* * * LOW HITPOINT WARNING * * *
You are lethally poisoned!
The scorpion poisons you!
You barely miss the scorpion.
The scorpion is heavily wounded.
* * * LOW HITPOINT WARNING * * *
You feel sick. The scorpion stings you!
You die...

##.### #.#####.#
#.#.########## .....# #.# #)#
#.#.# ####.###+#####'## #.#.#
#.##.........# #.#.#
#.##.........# #.#.####
#.##.........####.#.##.#
#.##.........'.........#
#.##........s####.#.##.####
#.##........)@)...........####
#.##..........###.#.##.#......
#.##..........###.#.##.#...###
#.###.......#..........)......
#.....#####.#.###......#.#..##
#####.# #.#.# ###.####.##.#
#.# #.#.#####'####'##.##
#.#######.............#.#.
#.......'.............#...


You could see a scorpion.

Vanquished Creatures
  An orc wizard (D:1)
  3 dart slugs (D:1)
  4 bats (D:1)
  A giant cockroach (D:2)
  3 goblins
  2 hobgoblins (D:1)
  5 kobolds (D:1)
  A quokka (D:2)
  A ball python (D:1)
  2 rats
23 creatures vanquished.

Notes
Turn   | Place    | Note
-------+----------+-------------------------------------------
     0 | D:1      | eagelman13508 the Troll Berserker began the quest for the
                  | Orb.
     0 | D:1      | Reached XP level 1. HP: 22/22 MP: 0/0
    76 | D:1      | Reached skill level 3 in Maces & Flails
   121 | D:1      | Reached XP level 2. HP: 29/29 MP: 1/1
   263 | D:1      | Found a broken altar of Ashenzari.
   715 | D:2      | Reached XP level 3. HP: 30/36 MP: 2/2
   749 | D:2      | Noticed a scorpion
   769 | D:1      | HP: 1/36 [poisoned by a scorpion]
   772 | D:1      | Reached ** piety under Trog
   776 | D:1      | Reached skill level 4 in Maces & Flails
   778 | D:1      | HP: 1/54 [scorpion (6)]
   779 | D:1      | Mangled by a scorpion

Illustrated notes

Levels and vault maps discovered:
D:1:      wander_arrival_abandoned_jail, layout_basic,
          chequers_serial_rivers_micro_e, minmay_tree_intersection,
          ashenzari_altar_1
D:2:      layout_basic, vehumet_crystals, uniq_crazy_yiuf_cottage

Skill      XL: |  1  2  3 |
---------------+----------+-----
Maces & Flails | 3 4 |  4.3
Fighting       | |  2.4
Dodging        | |  2.4

Action                   || total
-------------------------++-------
Melee: Mace              ||    83
Invok: Berserk           ||     1
  Use: Potion            ||     1
 Stab: Sleeping          ||     1
Armor: Animal skin       ||    52
Dodge: Dodged            ||    85
